 Dungeon Crawl Stone Soup version 0.31-a0-851-g7ff8af7976 (webtiles) character file.

Game seed: 14245216146174771366

49 BinkBink the Shooter (level 3, 0/18 HPs)
             Began as a Spriggan Hunter on Oct 6, 2023.
             Slain by a sleepcap (16 damage)
             ... on level 3 of the Dungeon.
             The game lasted 00:01:30 (1286 turns).

BinkBink the Shooter (Spriggan Hunter)              Turns: 1286, Time: 00:01:30

Health: 0/18       AC:  3    Str:  7    XL:     3   Next: 51%
Magic:  4/4        EV:  4    Int: 10    God:
Gold:   132        SH:  0    Dex: 20    Spells: 2/2 levels left

rFire   . . .        e - +3 sling
rCold   . . .        (no shield)
rNeg    . . .        c - +0 robe
rPois   .            (helmet restricted)
rElec   .            h - +0 cloak
rCorr   .            (gloves unavailable)
SInv    +            (boots unavailable)
Will    .....        (no amulet)
Stlth   ++           (no ring)
HPRegen 0.23/turn    (no ring)
MPRegen 0.09/turn

%: no passive effects
@: sleeping, very quick
A: very small, no large weapons, unfitting armour, see invisible, speed 3
a: no special abilities


You were on level 3 of the Dungeon.
You visited 1 branch of the dungeon, and saw 3 of its levels.

You collected 132 gold pieces.

Inventory:

Hand Weapons
 a - a +0 shortbow
 e - a +3 sling (weapon)
Armour
 c - a +0 robe (worn)
 h - a +0 cloak (worn)
Jewellery
 q - a ring of magical power
Scrolls
 b - a scroll of butterflies
 d - 4 scrolls of teleportation {unknown}
 i - 3 scrolls of vulnerability {unknown}
 j - 2 scrolls of identify {unknown}
 l - 3 scrolls of fog {unknown}
 n - a scroll of immolation {unknown}
Potions
 f - a potion of might {unknown}
 g - a potion of resistance {unknown}
 k - a potion of enlightenment {unknown}
 m - a potion of magic {unknown}
 o - a potion of attraction {unknown}
 p - a potion of heal wounds {unknown}
 r - a potion of lignification {unknown}


   Skills:
 + Level 2.2 Fighting
 * Level 4.9 Ranged Weapons
 - Level 2.6 Dodging
 - Level 1.5 Stealth


You had 2 spell levels left.
You didn't know any spells.
Your spell library contained the following spells:

 Spells                   Type           Power      Damage    Failure   Level
 Cigotuvi's Dreadful Rot  Necr/Pois/Air  0%         N/A       50%         2
 Ignite Poison            Fire/Tmut/Pois 0%         N/A       75%         3
 Freezing Cloud           Conj/Ice/Air   0%         6-21      100%        5


Dungeon Overview and Level Annotations

Branches:
Dungeon (3/15)

Altars:

Shops:
D:2 [


Innate Abilities, Weirdness & Mutations

You are very small and have problems with some larger weapons.
You are too small for most types of armour.
You have supernaturally acute eyesight. (SInv)
You cover ground extremely quickly. (Speed+++)


Message History

No target in view!
No target in view!
You see here a giant cockroach corpse.
A hobgoblin comes into view.
A hobgoblin is nearby!
A hobgoblin is nearby!
You shoot a sling bullet. The sling bullet hits the hobgoblin.
You kill the hobgoblin!
No target in view!
No target in view!
A sleepcap comes into view.
Found a stone staircase leading down and a stone staircase leading up.
A sleepcap is nearby!
You shoot a sling bullet.
The sling bullet hits the sleepcap but does no damage.
You shoot a sling bullet.
The sling bullet hits the sleepcap but does no damage.
You shoot a sling bullet. The sling bullet hits the sleepcap!
The sleepcap is moderately damaged.
The sleepcap barely misses you.
You shoot a sling bullet.
The sling bullet hits the sleepcap but does no damage.
The sleepcap is moderately damaged.
The sleepcap misses you.
You shoot a sling bullet. The sling bullet hits the sleepcap.
The sleepcap is moderately damaged.
The sleepcap completely misses you.
You shoot a sling bullet. The sling bullet hits the sleepcap!
The sleepcap is severely damaged.
The sleepcap releases spores at you.
You shoot a sling bullet. The sling bullet hits the sleepcap.
The sleepcap is almost destroyed.
The sleepcap releases spores at you.
You are engulfed in a cloud of soporific spores!
You fall asleep.
The sleepcap barely misses you. The sleepcap completely misses you.
The sleepcap releases spores at you!
Ouch! That really hurt!
You die...

# #.# #.### #< #.
#.# #.# ##. #.#
#.# #.# .... #.#
#.# #.# #....
#.##.###.# #..>.#
##.......#
......###.########
......f#..# #@#.#
###.# #.# #.# #.#
#.# #.#


You could see a sleepcap.

Vanquished Creatures
  An adder (D:3)
  A bat (D:2)
  An endoplasm (D:1)
  A giant cockroach (D:3)
  4 goblins (D:1)
  4 hobgoblins
  4 jackals
  4 quokkas
  5 ball pythons
  A frilled lizard (D:2)
  5 kobolds
  3 rats (D:2)
34 creatures vanquished.

Notes
Turn   | Place    | Note
-------+----------+-------------------------------------------
     0 | D:1      | BinkBink the Spriggan Hunter began the quest for the Orb.
     0 | D:1      | Reached XP level 1. HP: 10/10 MP: 2/2
   221 | D:1      | Found a faded altar of an unknown god.
   454 | D:1      | Reached XP level 2. HP: 15/15 MP: 3/3
   759 | D:2      | Found Tafyamn's Antique Armour Shop.
   955 | D:2      | Reached XP level 3. HP: 18/18 MP: 4/4
  1286 | D:3      | Slain by a sleepcap

Illustrated notes

Levels and vault maps discovered:
D:1:      lightli_arrival_lavapool, layout_basic, shapermc_ecumenical_altar_gd
D:2:      layout_loops_cross, serial_shops, nicolae_shop_back_alley_shop
D:3:      layout_loops_ring, makhleb_altar_promises_db,
          kennysheep_generic_room_15, uniq_grinder, uniq_jessica, uniq_robin

Skill      XL: |  1  2 |
---------------+-------+-----
Fighting       | 2 |  2.2
Ranged Weapons | |  4.9
Dodging        | |  2.6
Stealth        | |  1.5

Action                     || total
---------------------------++-------
   Fire: Sling             ||    65
         Shortbow          ||     1
 Armour: Robe              ||     7
  Dodge: Dodged            ||     9

Table legend: (Time is in decaauts)
 A = Elapsed time spent in this place.
 B = Non-inter-level travel time spent in this place.
 C = Inter-level travel time spent in this place.
 D = Time resting spent in this place.
 E = Time spent auto-exploring this place.
 F = Levels seen in this place.
 G = Mean time per level.
                   A        B        C        D        E       F      G
               +--------+--------+--------+--------+--------+-----+--------+
         Total |    843 |    812 |     31 |      0 |    675 |   3 |  281.0 |
       Dungeon |    843 |    812 |     31 |      0 |    675 |   3 |  281.0 |
               +--------+--------+--------+--------+--------+-----+--------+

Top non-repeatable levels by time:
     D:2: 400 daAuts
     D:1: 396 daAuts
     D:3: 46 daAuts
